 Dungeon Crawl Stone Soup version 0.27-a0-1296-g8ece459b43 (webtiles) character file.

Game seed: 1590710595114351979

14396 Delamore the Impaler (level 12, 0/86 HPs)
             Began as a Formicid Fighter on June 16, 2021.
             Was an Initiate of Gozag.
             Slain by an eight-headed hydra (9 damage)
             ... on level 3 of the Lair of Beasts.
             The game lasted 00:14:16 (14389 turns).

Delamore the Impaler (Formicid Fighter)            Turns: 14389, Time: 00:14:16

Health: 0/86       AC: 12    Str: 26    XL:     12   Next: 44%
Magic:  12/12      EV:  9    Int: 10    God:    Gozag
Gold:   156        SH: 12    Dex: 10    Spells: 11/11 levels left

rFire    + . .     SeeInvis +   a - +0 trident (vorpal)
rCold    . . .     Faith    .   c - +1 kite shield
rNeg     . . .     Spirit   .   C - +2 scale mail {rF+}
rPois    +         Reflect  .   (helmet unavailable)
rElec    .         Harm     .   (no cloak)
rCorr    .         Rampage  .   x - +1 pair of gloves of Divine Compulsion {rPois Int+2 Slay+2}
Will     +....                  q - +0 pair of boots
Stlth    ..........             j - amulet of the acrobat
HPRegen  0.24/turn              n - ring of poison resistance
MPRegen  0.13/turn              (no ring)

@: no status effects
A: permanent stasis, dig shafts and tunnels, antennae 3, four strong arms
a: Dig, Shaft Self, Renounce Religion, Potion Petition, Call Merchant, Bribe
Branch


You were on level 3 of the Lair of Beasts.
You worshipped Gozag.
Gozag was aware of your devotion.
You visited 3 branches of the dungeon, and saw 13 of its levels.

You collected 2258 gold pieces.
You spent 511 gold pieces at shops.
You paid 1591 gold pieces to Gozag.

Inventory:

Hand Weapons
 a - a +0 vorpal trident (weapon)
 F - a +0 glaive of freezing
 G - a +6 halberd of freezing
Missiles
 l - 7 javelins
 m - 8 boomerangs
 s - 43 poisoned darts (quivered)
 y - 3 throwing nets
 I - 5 curare-tipped darts
Armour
 b - a +0 scale mail
 c - a +1 kite shield (worn)
 q - a +0 pair of boots (worn)
 x - the +1 pair of gloves of Divine Compulsion (worn) {rPois Int+2 Slay+2}
   (You found it on level 7 of the Dungeon)

   It affects your intelligence (+2).
   It affects your accuracy and damage with ranged weapons and melee attacks
   (+2).
   It protects you from poison.
 C - a +2 scale mail of fire resistance (worn)
Jewellery
 j - an amulet of the acrobat (around neck)
 n - a ring of poison resistance (left hand)
 o - a ring of wizardry
 D - a ring of magical power
 K - a ring of flight
Wands
 d - a wand of digging (4)
 p - a wand of flame (29)
 r - a wand of iceblast (30)
 u - a wand of polymorph (19)
 H - a wand of paralysis (29)
Scrolls
 g - a scroll of fog
 k - a scroll of enchant armour
 E - a scroll of amnesia
 J - a scroll of enchant weapon
Potions
 e - 3 potions of cancellation
 f - a potion of invisibility {unknown}
 h - 3 potions of heal wounds
 i - a potion of magic {unknown}
 t - 2 potions of ambrosia {unknown}
 v - 3 potions of curing {unknown}
 w - a potion of brilliance {unknown}
 z - 2 potions of haste {unknown}
 A - 4 potions of lignification
 B - a potion of flight {unknown}


   Skills:
 - Level 5.0 Fighting
 + Level 16.5 Polearms
 - Level 5.0 Armour
 - Level 7.0 Shields
 - Level 5.0 Evocations


You had 11 spell levels left.
You didn't know any spells.
Your spell library contained the following spells:

 Spells                   Type           Power      Damage    Failure   Level
 Corona                   Hex            0%         N/A       77%         1
 Sting                    Tmut/Pois      0%         1d3       77%         1
 Ensorcelled Hibernation  Hex/Ice        0%         N/A       88%         2
 Poisonous Vapours        Pois/Air       0%         N/A       88%         2
 Confusing Touch          Hex            0%         N/A       98%         3
 Dazzling Flash           Conj/Hex       0%         N/A       98%         3
 Ignite Poison            Fire/Tmut/Pois 0%         N/A       98%         3
 Mephitic Cloud           Conj/Pois/Air  0%         N/A       98%         3
 Tukima's Dance           Hex            0%         N/A       98%         3
 Ice Form                 Ice/Tmut       0%         N/A       100%        4
 Olgreb's Toxic Radiance  Pois           0%         N/A       100%        4
 Summon Ice Beast         Ice/Summ       0%         N/A       100%        4
 Freezing Cloud           Conj/Ice/Air   0%         6-21      100%        5
 Simulacrum               Ice/Necr       0%         N/A       100%        6
 Ozocubu's Refrigeration  Ice            0%         4d5       100%        7


Dungeon Overview and Level Annotations

Branches:
Dungeon (9/15)             Temple (1/1) D:5            Lair (3/6) D:8
 Shoals (0/4) Lair:3       Spider (0/4) Lair:2
    Orc: D:9-12

Altars:
Ashenzari
Cheibriados
Dithmenos
Elyvilon
Fedhas
Gozag
Kikubaaqudgha
Makhleb
Nemelex Xobeh
Okawaru
Qazlal
Ru
Sif Muna
Trog
Uskayaw
Vehumet
Wu Jian
Xom
Yredelemnul
Zin
The Shining One

Shops:
D:2 (   D:7 (   Lair:3 (

Annotations:
D:4 3 runed translucent doors, Ethylacetat's ghost, amateur NaIE


Innate Abilities, Weirdness & Mutations

You cannot be hasted, slowed, berserked, paralysed or teleported.
You can dig through walls and to a lower floor.
You have a pair of large antennae on your head. (SInv)
Your four strong arms can wield two-handed weapons with a shield.


Message History

The eight-headed hydra bites you!
The eight-headed hydra barely misses you.
The eight-headed hydra bites you but does no damage.
The bullfrog barely misses you.
You completely miss the eight-headed hydra.
The eight-headed hydra is severely wounded.
You block the bullfrog's attack.
You block the eight-headed hydra's attack. x2
The eight-headed hydra bites you.
You block the eight-headed hydra's attack.
The eight-headed hydra bites you.
* * * LOW HITPOINT WARNING * * *
The eight-headed hydra bites you!
* * * LOW HITPOINT WARNING * * *
The eight-headed hydra bites you.
* * * LOW HITPOINT WARNING * * *
The eight-headed hydra bites you but does no damage.
You hit the eight-headed hydra.
The eight-headed hydra is severely wounded.
The bullfrog closely misses you.
You puncture the eight-headed hydra!
The eight-headed hydra is almost dead.
The eight-headed hydra looks more healthy.
You block the eight-headed hydra's attack.
The eight-headed hydra closely misses you.
The eight-headed hydra misses you.
You block the eight-headed hydra's attack.
The eight-headed hydra bites you.
* * * LOW HITPOINT WARNING * * *
The eight-headed hydra barely misses you. x2
The eight-headed hydra bites you!
* * * LOW HITPOINT WARNING * * *
The bullfrog hits you but does no damage.
You barely miss the eight-headed hydra.
The eight-headed hydra is almost dead.
The bullfrog closely misses you.
The eight-headed hydra bites you but does no damage.
The eight-headed hydra bites you!
You die...
Your body crumbles into a pile of gold.

.##.....###.P.^...##..
#.....#.#.##....####
##...............###.
#......#....##....#..
##....#..........+...
##....##..........#..
#P....###.###....##..
#..#.....####.......###.
.......@................
......FD................
.......(................
.......(................
......................#.
$
.......(.............#.#
##......(..(..........#.
####.....##.#.......#..
##P....##.


You could see an eight-headed hydra and a bullfrog.

Vanquished Creatures
  3 hydras
  A two-headed ogre (D:8)
  Pikel (D:7)
  3 merfolk sirens (Lair:3)
  A black mamba (Lair:3)
  4 cane toads
  2 komodo dragons
  A merfolk (Lair:3)
  Grinder (D:6)
  Sigmund (D:3)
  2 wyverns
  A redback (Lair:2)
  Eustachio (D:4)
  15 yaks
  2 steam dragons (D:7)
  A basilisk (Lair:1)
  5 water moccasins
  Duvessa (D:6)
  2 orc warriors
  An ice beast (D:7)
  2 sky beasts
  6 necrophages
  2 ogres (D:7)
  3 wolves (Lair:2)
  3 phantoms
  Blork the orc (D:6)
  A kobold brigand (D:6)
  8 bullfrogs
  4 scorpions
  A gnoll sergeant (D:8)
  Dowan (D:6)
  A water moccasin zombie (D:7)
  4 killer bees (D:8)
  3 howler monkeys
  3 wights (D:8)
  A centaur zombie (D:6)
  3 quasits (D:6)
  2 hounds
  A jelly (D:4)
  3 gnoll shamans
  2 bullfrog zombies
  Terence (D:3)
  An iguana (D:4)
  8 orc wizards
  2 killer bee zombies (D:7)
  A hound skeleton (D:4)
  14 gnolls
  A howler monkey skeleton (D:6)
  11 adders
  A shadow imp (D:6)
  A white imp (D:7)
  3 ufetubi
  A worm (D:2)
  2 dart slugs
  20 orcs
  5 bats
  7 endoplasms
  A giant cockroach (D:3)
  9 goblins
  8 hobgoblins
  4 jackals (D:2)
  3 quokkas (D:1)
  5 ball pythons
  3 frilled lizards
  11 kobolds
  A quokka skeleton (D:4)
  2 rats
230 creatures vanquished.

Vanquished Creatures (others)
  7 fungi (Lair:3)
  4 plants (Lair:3)
11 creatures vanquished.

Grand Total: 241 creatures vanquished

Notes
Turn   | Place    | Note
-------+----------+-------------------------------------------
     0 | D:1      | Delamore the Formicid Fighter began the quest for the Orb.
     0 | D:1      | Reached XP level 1. HP: 18/18 MP: 1/1
   243 | D:1      | Reached XP level 2. HP: 13/24 MP: 2/2
   611 | D:1      | Found a faded altar of an unknown god.
   786 | D:1      | You fall into a shaft and drop 1 floor!
  1101 | D:2      | Reached XP level 3. HP: 26/30 MP: 3/3
  1105 | D:2      | Reached skill level 3 in Polearms
  1156 | D:2      | Found Paupas's Weapon Shop.
  1435 | D:2      | Reached XP level 4. HP: 37/37 MP: 4/4
  2158 | D:3      | Noticed Sigmund
  2268 | D:3      | Killed Sigmund
  2269 | D:3      | Reached skill level 5 in Polearms
  2269 | D:3      | Reached XP level 5. HP: 5/43 MP: 5/5
  2269 | D:3      | Reached XP level 6. HP: 6/50 MP: 6/6
  2614 | D:3      | Found a snail-covered altar of Cheibriados.
  2614 | D:3      | Found a shimmering altar of Xom.
  2614 | D:3      | Noticed Terence
  2621 | D:3      | Killed Terence
  2622 | D:3      | Reached skill level 5 in Fighting
  3286 | D:4      | Found an ancient bone altar of Kikubaaqudgha.
  3563 | D:4      | Reached skill level 6 in Polearms
  3563 | D:4      | Reached XP level 7. HP: 43/56 MP: 7/7
  3764 | D:4      | Found a runed translucent gate.
  3765 | D:4      | Found a runed translucent gate.
  3766 | D:4      | Found a runed translucent gate.
  3770 | D:4      | Noticed Ethylacetat's ghost (amateur NaIE)
  3790 | D:4      | Noticed Eustachio
  3860 | D:4      | Reached skill level 7 in Polearms
  3918 | D:4      | Killed Eustachio
  4259 | D:4      | Reached XP level 8. HP: 48/62 MP: 8/8
  4266 | D:4      | Reached skill level 8 in Polearms
  4866 | D:4      | Identified the +0 robe of Indecent Exposure {rPois}
  5168 | D:5      | Entered Level 5 of the Dungeon
  5458 | D:5      | Reached skill level 9 in Polearms
  6303 | D:5      | Found a shadowy altar of Dithmenos.
  6324 | D:5      | Reached skill level 10 in Polearms
  6333 | D:5      | Reached XP level 9. HP: 37/68 MP: 9/9
  6577 | D:5      | Found a staircase to the Ecumenical Temple.
  6721 | Temple   | Entered the Ecumenical Temple
  6982 | D:6      | Noticed Blork the orc
  6987 | D:6      | Killed Blork the orc
  7040 | D:6      | Noticed Grinder
  7093 | D:6      | Found a glowing silver altar of Zin.
  7290 | D:5      | You fall into a shaft and drop 3 floors!
  7414 | D:7      | Noticed Pikel
  7436 | D:7      | Killed Pikel
  7437 | D:7      | Reached skill level 11 in Polearms
  7581 | D:7      | Identified the +1 pair of gloves of Divine Compulsion
                  | {rPois Int+2 Slay+2}
  8081 | D:6      | Reached skill level 12 in Polearms
  8243 | D:6      | Killed Grinder
  8244 | D:6      | Reached XP level 10. HP: 65/74 MP: 10/10
  8675 | D:6      | Noticed Duvessa
  8677 | D:6      | Noticed Dowan
  8694 | D:6      | Killed Duvessa
  8702 | D:6      | Killed Dowan
  8835 | D:6      | Found a shimmering blue altar of Sif Muna.
  9132 | D:6      | Found a broken altar of Ashenzari.
  9132 | D:6      | Found an opulent altar of Gozag.
  9269 | D:6      | Became a worshipper of Gozag Ym Sagoz the Greedy
  9402 | D:7      | Reached skill level 13 in Polearms
  9678 | D:7      | Identified a scroll of acquirement
  9678 | D:7      | Acquired 904 gold pieces
  9681 | D:7      | Bought a runed glaive for 294 gold pieces
  9681 | D:7      | Bought a glowing halberd for 217 gold pieces
  9869 | D:7      | Found an iron altar of Okawaru.
  9869 | D:7      | Found a hide-covered altar of Uskayaw.
  9871 | D:7      | Found a sparkling altar of Nemelex Xobeh.
  9886 | D:8      | Noticed a two-headed ogre
  9898 | D:8      | Killed a two-headed ogre
 10058 | D:8      | Reached skill level 14 in Polearms
 10128 | D:8      | You fall into a shaft and drop 1 floor!
 10368 | D:8      | Reached XP level 11. HP: 60/79 MP: 11/11
 10489 | D:8      | Found a stormy altar of Qazlal.
 10711 | D:8      | Found a staircase to the Lair.
 10812 | Lair:1   | Entered Level 1 of the Lair of Beasts
 10900 | Lair:1   | Noticed an eight-headed hydra
 10913 | Lair:1   | Killed an eight-headed hydra
 10914 | Lair:1   | Reached skill level 5 in Shields
 11087 | Lair:1   | Reached skill level 5 in Armour
 11207 | Lair:1   | Identified the +1 spear "Murhucw" {vorpal, Int+2}
 11368 | Lair:1   | Reached skill level 15 in Polearms
 11534 | Lair:1   | Reached skill level 1 in Evocations
 12573 | Lair:2   | Found a hole to the Spider Nest.
 13220 | Lair:3   | Reached XP level 12. HP: 86/86 MP: 12/12
 13313 | Lair:3   | Reached skill level 5 in Evocations
 13352 | Lair:3   | Noticed an eight-headed hydra
 13360 | Lair:3   | HP: 1/86 [nine-headed hydra (8)]
 13363 | Lair:3   | Killed a nine-headed hydra
 13820 | Lair:3   | Noticed an eight-headed hydra
 13820 | Lair:3   | Noticed a five-headed hydra
 13833 | Lair:3   | Noticed an eight-headed hydra
 13845 | Lair:2   | Killed an eight-headed hydra
 13846 | Lair:2   | Reached skill level 16 in Polearms
 14096 | Lair:3   | Found a staircase to the Shoals.
 14389 | Lair:3   | Slain by an eight-headed hydra

Illustrated notes

Levels and vault maps discovered:
D:1:      shiori_arrival_maze, layout_loops_ring, shapermc_ecumenical_altar_gd
D:2:      layout_rooms, serial_shops, shop
D:3:      layout_basic, lemuel_round_altar, xom_butterflies, uniq_terence,
          uniq_sigmund
D:4:      minmay_thinvault, layout_gridville, kiku_gazebo_pond_becter,
          gammafunk_ghost_necromancy, uniq_eustachio
D:5:      layout_basic, nicolae_dithmenos_shadow_blocks,
          minmay_temple_entry_junction, minivault_5, kennysheep_generic_room_15
D:6:      cheibrodos_quashed, layout_loops_cross, zin_treasury, led_sif_pool,
          gammafunk_temple_overflow_wave, kennysheep_generic_room_6,
          uniq_grinder, uniq_blork_the_orc, uniq_duvessa
D:7:      layout_cave_pools, nicolae_overflow_hidden_temple, uniq_pikel
D:8:      layout_rooms, general_overflow_altar, lair_entry_dummy
D:9:      layout_loops_cross
Temple:   dpeg_three_leaves_temple
Lair:1:   layout_gridlike
Lair:2:   layout_gridlike, spider_nest_entry_rubble, roderic_carrion_pond,
          grunt_megastairs_2
Lair:3:   layout_regular_city, elwin_shoals_entry_stream

Skill      XL: |  1  2  3  4  5  6  7  8  9 10 11 12 |
---------------+-------------------------------------+-----
Polearms       | 3 5 6 7 10 12 14 15 16 | 16.5
Fighting       | 4 5 |  5.0
Shields        | 7 |  7.0
Armour         | 5 |  5.0
Evocations     | 4 5 |  5.0

Action                   |  1- 3 |  4- 6 |  7- 9 | 10-12 || total
-------------------------+-------+-------+-------+-------++-------
Melee: Trident           |    82 |   193 |   429 |   159 ||   863
       Halberd           |       |       |       |   260 ||   260
Throw: Dart              |       |       |    10 |    10 ||    20
       Boomerang         |       |       |     6 |       ||     6
Invok: Call Merchant     |       |       |       |     2 ||     2
 Abil: Dig               |       |     1 |    10 |     3 ||    14
       Shaft Self        |       |       |     1 |       ||     1
Evoke: Wand              |       |       |     1 |     1 ||     2
  Use: Scroll            |       |     2 |     3 |    11 ||    16
       Potion            |       |       |       |     4 ||     4
Armor: Scale mail        |    34 |    42 |   138 |   183 ||   397
Dodge: Dodged            |    22 |    49 |   145 |   131 ||   347
Block: Kite shield       |    33 |    89 |   212 |   203 ||   537

Table legend: (Time is in decaauts)
 A = Elapsed time spent in this place.
 B = Non-inter-level travel time spent in this place.
 C = Inter-level travel time spent in this place.
 D = Time resting spent in this place.
 E = Time spent auto-exploring this place.
 F = Levels seen in this place.
 G = Mean time per level.
                   A        B        C        D        E       F      G
               +--------+--------+--------+--------+--------+-----+--------+
         Total |  14428 |  13692 |    736 |   2865 |   8671 |  13 | 1109.8 |
       Dungeon |  10807 |  10202 |    605 |   2004 |   6373 |   9 | 1200.8 |
        Temple |     80 |     66 |     14 |      0 |     65 |   1 |   80.0 |
          Lair |   3539 |   3422 |    117 |    861 |   2232 |   3 | 1179.7 |
               +--------+--------+--------+--------+--------+-----+--------+

Top non-repeatable levels by time:
     D:5: 1937 daAuts
     D:4: 1889 daAuts
  Lair:2: 1469 daAuts
     D:6: 1425 daAuts
     D:3: 1341 daAuts
  Lair:1: 1147 daAuts
     D:7: 1139 daAuts
     D:1: 1099 daAuts
     D:2: 934 daAuts
     D:8: 929 daAuts
  Lair:3: 922 daAuts
     D:9: 111 daAuts
  Temple: 80 daAuts
